 Dungeon Crawl Stone Soup version 0.26-a0-665-gefeb406119 (webtiles) character file.

Game seed: 9895317449991777151

4546 jasper the Basher (level 10, -1/47 HPs)
             Began as a Vine Stalker Fighter on Oct 15, 2020.
             Was a Follower of Nemelex Xobeh.
             Slain by a gnoll shaman
             ... wielding a +0 whip
              (2 damage)
             ... on level 8 of the Dungeon.
             The game lasted 00:14:08 (6788 turns).

jasper the Basher (Vine Stalker Fighter)            Turns: 6788, Time: 00:14:08

Health: -1/47      AC:  8    Str: 21    XL:     10   Next: 40%
Magic:  0/20       EV:  8    Int:  8    God:    Nemelex Xobeh [*.....]
Gold:   404        SH: 11    Dex: 15    Spells: 9/9 levels left

rFire    . . .     SeeInvis .   s - +0 whip
rCold    . . .     Faith    .   c - +0 kite shield
rNeg     . . .     Spirit   +   b - +0 scale mail
rPois    .         Reflect  .   (no helmet)
rElec    .         Harm     .   (no cloak)
rCorr    +         Rampage  .   E - +0 pair of gloves
MR       +....                  k - +0 pair of boots
Stlth    ..........             j - amulet of magic regeneration
HPRegen  0.55/turn              f - ring of magical power
MPRegen  0.42/turn              P - ring of resist corrosion

@: lightly drained
A: fangs 3, regeneration 1, magic shield, antimagic bite, no potion heal 3, rot
immunity
a: Draw Escape, Draw Destruction, Draw Summoning, Renounce Religion


You were on level 8 of the Dungeon.
You worshipped Nemelex Xobeh.
Nemelex Xobeh was aware of your devotion.
You visited 2 branches of the dungeon, and saw 9 of its levels.
You also visited: Sewer.

You collected 404 gold pieces.

Inventory:

Hand Weapons
 a - a +0 flail
 s - a +0 whip (weapon)
 I - a +1 flail of venom
Missiles
 n - 325 stones
 w - 27 poisoned darts (quivered)
 D - 13 boomerangs
Armour
 b - a +0 scale mail (worn)
 c - a +0 kite shield (worn)
 e - a +0 chain mail
 k - a +0 pair of boots (worn)
 E - a +0 pair of gloves (worn)
Jewellery
 f - a ring of magical power (left hand)
 j - an amulet of magic regeneration (around neck)
 r - an uncursed ring of protection from magic
 L - an uncursed ring of flight
 P - a ring of resist corrosion (right hand)
 S - a +6 ring of intelligence
Wands
 G - a wand of digging (22)
 J - a wand of paralysis (16)
Scrolls
 g - 2 scrolls of magic mapping
 l - 3 scrolls of amnesia
 m - 2 scrolls of enchant weapon {unknown}
 p - 2 scrolls of fear
 t - 5 scrolls of teleportation
 u - 4 scrolls of enchant armour {unknown}
 v - 2 scrolls of immolation {unknown}
 x - 2 scrolls of noise {unknown}
 y - 4 scrolls of remove curse
 K - a scroll of acquirement {unknown}
 N - a scroll of brand weapon {unknown}
 O - 2 scrolls of identify
 Q - a scroll of summoning {unknown}
Potions
 d - a potion of might
 h - 3 potions of resistance
 i - 3 potions of brilliance
 o - a potion of mutation
 q - 3 potions of curing
 z - 6 potions of heal wounds
 A - 2 potions of flight
 B - a potion of stabbing {unknown}
 C - 2 potions of degeneration {unknown}
 F - a potion of invisibility {unknown}
 H - 2 potions of haste {unknown}
 M - 2 potions of magic {unknown}
 R - a potion of berserk rage {unknown}


   Skills:
 - Level 2.6 Fighting
 - Level 12.0(11.8) Maces & Flails
 - Level 0.1(0.0) Throwing
 - Level 2.4(2.3) Armour
 - Level 1.3 Dodging
 - Level 0.6 Stealth
 + Level 6.6(6.5) Shields


You had 9 spell levels left.
You didn't know any spells.
Your spell library contained the following spells:

 Spells                   Type           Power        Failure   Level
 Magic Dart               Conj           #...         98%         1
 Blink                    Tloc           N/A          99%         2
 Call Imp                 Summ           #.......     99%         2
 Slow                     Hex            #.......     99%         2
 Conjure Flame            Conj/Fire      #.......     100%        3
 Mephitic Cloud           Conj/Pois/Air  #.......     100%        3


Dungeon Overview and Level Annotations

Branches:
Dungeon (8/15)             Temple (1/1) D:5           Sewer (visited)
   Lair: D:8-11

Altars:
Ashenzari
Cheibriados
Dithmenos
Elyvilon
Fedhas
Gozag
Hepliaklqana
Kikubaaqudgha
Makhleb
Nemelex Xobeh
Okawaru
Qazlal
Ru
Sif Muna
Trog
Uskayaw
Vehumet
Wu Jian
Xom
Yredelemnul
Zin
The Shining One

Shops:
D:4 *   D:5 ?

Annotations:
D:7 1 transporter


Innate Abilities, Weirdness & Mutations

You have razor-sharp teeth.
Your natural rate of healing is unusually fast.
When hurt, damage is shared between your health and your magic reserves.
Your bite disrupts and absorbs the magic of your enemies.
Potions cannot restore your health.
You are immune to rotting.


Message History

You take 3 damage, and have 2/47 hp.
You now have 4/20 mp.
Your system rejects the healing.
You feel better. You block the gnoll's attack.
The gnoll shaman utters an invocation to its god.
The gnoll shaman is healed somewhat.
The gnoll hits you but does no damage.
You are poisoned.
You hit the gnoll. Your bite misses the gnoll.
The gnoll is severely wounded.
You feel sick. The gnoll shaman misses you. You block the gnoll's attack.
You take 1 damage, and have 2/47 hp.
Your system rejects the healing.
You feel better.
The gnoll hits you with a +2 spear of venom!
* * * LOW HITPOINT WARNING * * *
You are lethally poisoned!
The gnoll shaman calls upon its god to heal the gnoll.
The gnoll is healed somewhat.
You take 1 damage, and have 1/47 hp.
You now have 0/20 mp.
Your system rejects the healing.
You feel better. You block the gnoll's attack.
The gnoll shaman hits you with a +0 whip.
You die...
Your body glows slightly and disappears.

............#####+##
#####..##### ##..##
#####..# ##.#...##
#.....## ##.#### ♣
##g)# .♣ ###.@.# ...
##..g.##
...#########...###
......'...)..###
......'...#.>#
......#.).####
......#####
##...........
+...........


You could see a gnoll shaman and a gnoll (fast).

Vanquished Creatures
  A two-headed ogre (D:8)
  Maggie (D:6)
  Grinder (D:4)
  Sigmund (D:6)
  Edmund (D:4)
  A water moccasin (D:6)
  2 orc warriors (D:7)
  A necrophage (D:7)
  An ogre (D:8)
  A black bear (D:7)
  2 phantoms (D:7)
  5 centaurs
  3 big kobolds
  A gnoll sergeant (D:7)
  A bullfrog (D:3)
  3 scorpions
  5 wights (D:8)
  2 howler monkeys
  A bullfrog zombie (D:6)
  A hound (D:5)
  5 jellies (D:7)
  2 orc priests
  2 bullfrog skeletons
  13 orc wizards
  Jessica (D:3)
  2 iguanas
  Terence (D:3)
  2 worker ants
  A killer bee zombie (D:7)
  A hound skeleton (D:5)
  A worker ant zombie (D:6)
  5 gnolls
  11 adders
  3 river rats (Sewer)
  A shadow imp (D:5)
  2 white imps
  An ooze (D:2)
  An adder zombie (D:5)
  An adder skeleton (D:5)
  4 worms
  2 dart slugs
  2 leopard geckos
  23 orcs
  5 ball pythons (Sewer)
  7 giant cockroaches
  4 goblins
  6 hobgoblins (D:2)
  15 jackals
  28 kobolds
  6 quokkas
  6 bats
  7 frilled lizards
  A jackal zombie (D:5)
  A leopard gecko zombie (D:5)
  A quokka skeleton (D:6)
  27 rats
236 creatures vanquished.

Vanquished Creatures (others)
  An orc wizard (D:4)
  A plant (D:8)
2 creatures vanquished.

Grand Total: 238 creatures vanquished

Notes
Turn   | Place    | Note
-------+----------+-------------------------------------------
     0 | D:1      | jasper the Vine Stalker Fighter began the quest for the
                  | Orb.
     0 | D:1      | Reached XP level 1. HP: 11/11 MP: 2/2
   180 | D:1      | Reached skill level 2 in Maces & Flails
   227 | D:1      | Reached XP level 2. HP: 14/16 MP: 3/3
  1235 | D:2      | Reached XP level 3. HP: 19/19 MP: 4/4
  1247 | D:2      | Reached skill level 3 in Maces & Flails
  1269 | D:2      | Reached skill level 1 in Dodging
  1541 | D:2      | Gained mutation: Your natural rate of healing is unusually
                  | fast. [Vine Stalker growth]
  1541 | D:2      | Reached XP level 4. HP: 23/23 MP: 5/5
  2019 | D:3      | Found a glowing drain.
  2066 | Sewer    | Entered a sewer
  2085 | Sewer    | Reached skill level 4 in Maces & Flails
  2108 | Sewer    | Reached XP level 5. HP: 22/27 MP: 6/6
  2239 | Sewer    | Noticed a big kobold
  2266 | Sewer    | Killed a big kobold
  2266 | Sewer    | Reached skill level 5 in Maces & Flails
  2314 | Sewer    | Reached XP level 6. HP: 32/32 MP: 7/7
  2784 | D:3      | Found a glowing golden altar of the Shining One.
  2846 | D:3      | Noticed Terence
  2858 | D:3      | Killed Terence
  2990 | D:3      | Noticed Jessica
  2997 | D:3      | Reached skill level 6 in Maces & Flails
  3007 | D:3      | Killed Jessica
  3337 | D:4      | Reached XP level 7. HP: 35/35 MP: 8/8
  3378 | D:4      | Noticed Edmund
  3387 | D:4      | Killed Edmund
  3387 | D:4      | Reached skill level 7 in Maces & Flails
  3518 | D:4      | Noticed Grinder
  3527 | D:4      | Killed Grinder
  3609 | D:4      | Found Paquudato's General Store.
  3694 | D:4      | Gained mutation: You have razor-sharp teeth. [Vine Stalker
                  | growth]
  3694 | D:4      | Reached XP level 8. HP: 33/39 MP: 9/9
  3703 | D:4      | Reached skill level 8 in Maces & Flails
  4020 | D:5      | Entered Level 5 of the Dungeon
  4022 | D:5      | Found a staircase to the Ecumenical Temple.
  4037 | Temple   | Entered the Ecumenical Temple
  4073 | Temple   | Became a worshipper of Nemelex Xobeh the Trickster
  4387 | D:5      | Found Piesh's Magic Scroll Boutique.
  4441 | D:5      | Reached skill level 9 in Maces & Flails
  4755 | D:6      | Noticed Sigmund
  4766 | D:6      | Killed Sigmund
  4984 | D:6      | Reached skill level 10 in Maces & Flails
  5107 | D:6      | Found an opulent altar of Gozag.
  5108 | D:6      | Noticed Maggie
  5122 | D:6      | Killed Maggie
  5122 | D:6      | Reached XP level 9. HP: 31/43 MP: 10/10
  5448 | D:7      | Reached * piety under Nemelex Xobeh
  5483 | D:7      | Reached skill level 11 in Maces & Flails
  5773 | D:7      | Received a gift from Nemelex Xobeh
  5789 | D:7      | Found a transporter.
  5881 | D:7      | Reached skill level 12 in Maces & Flails
  6026 | D:7      | Reached XP level 10. HP: 22/47 MP: 11/11
  6143 | D:7      | Found a transporter.
  6263 | D:7      | HP: 2/47 [acid dragon (1)]
  6536 | D:8      | Noticed a two-headed ogre
  6545 | D:8      | Killed a two-headed ogre
  6784 | D:8      | HP: 2/47 [gnoll/+2 spear of venom (2)]
  6788 | D:8      | Slain by a gnoll shaman

Illustrated notes

Levels and vault maps discovered:
D:1:      giann_horns, layout_basic
D:2:      layout_loops_ring, kennysheep_generic_room_12
D:3:      layout_basic, lemuel_doored_altar, gup_sewer_entry_glass,
          uniq_jessica, uniq_terence
D:4:      layout_basic, serial_shops, kennysheep_mini_moat, uniq_edmund,
          uniq_grinder
D:5:      layout_gridville, minmay_temple_entry_purple_smoke, serial_shops, shop
D:6:      wander_river, layout_loops_ring, basic_altar, st_stairs_13,
          uniq_maggie, uniq_sigmund
D:7:      gammafunk_cloud_chamber, layout_basic
D:8:      kennysheep_seaside_town, layout_basic
Temple:   nicolae_temple_the_god_donut

Skill      XL: |  1  2  3  4  5  6  7  8  9 10 |
---------------+-------------------------------+-----
Maces & Flails | 2 3 4 5 6 7 10 12 | 12.0
Dodging        | 1 |  1.3
Shields        | 3 6 |  6.6
Fighting       | |  2.6
Throwing       | |  0.1
Armour         | |  2.4
Stealth        | |  0.6

Action                   |  1- 3 |  4- 6 |  7- 9 | 10-12 || total
-------------------------+-------+-------+-------+-------++-------
Melee: Flail             |    57 |       |       |       ||    57
       Bite              |    29 |    92 |   168 |    54 ||   343
       Whip              |    68 |   261 |   451 |   139 ||   919
Throw: Stone             |     7 |     5 |       |       ||    12
       Dart              |       |     8 |     3 |       ||    11
       Boomerang         |       |     8 |       |       ||     8
Invok: Draw Destruction  |       |       |     2 |     3 ||     5
Evoke: Wand              |       |       |     1 |     1 ||     2
  Use: Scroll            |       |     1 |     9 |     3 ||    13
       Potion            |       |       |     3 |     7 ||    10
 Stab: Paralysed         |       |       |     1 |     5 ||     6
Armor: Scale mail        |    67 |    93 |   123 |    23 ||   306
Dodge: Dodged            |    39 |    69 |    72 |    27 ||   207
Block: Kite shield       |    63 |   102 |   137 |    49 ||   351

Table legend: (Time is in decaauts)
 A = Elapsed time spent in this place.
 B = Non-inter-level travel time spent in this place.
 C = Inter-level travel time spent in this place.
 D = Time resting spent in this place.
 E = Time spent auto-exploring this place.
 F = Levels seen in this place.
 G = Mean time per level.
                   A        B        C        D        E       F      G
               +--------+--------+--------+--------+--------+-----+--------+
         Total |   6634 |   6398 |    236 |    160 |   4561 |  10 |  663.4 |
       Dungeon |   6019 |   5794 |    225 |    160 |   4244 |   8 |  752.4 |
        Temple |     48 |     37 |     11 |      0 |      3 |   1 |   48.0 |
         Sewer |    566 |    566 |      0 |      0 |    314 |   1 |  566.0 |
               +--------+--------+--------+--------+--------+-----+--------+

Top non-repeatable levels by time:
     D:1: 1232 daAuts
     D:7: 830 daAuts
     D:6: 821 daAuts
     D:2: 788 daAuts
     D:4: 761 daAuts
     D:3: 692 daAuts
   Sewer: 566 daAuts
     D:5: 520 daAuts
     D:8: 373 daAuts
  Temple: 48 daAuts
